 Dungeon Crawl Stone Soup version 0.18-a0-992-gbe4b983 (webtiles) character file.

952 AofANLA the Skirmisher (level 7, 0/66 HPs)
             Began as a Minotaur Abyssal Knight on Jan 4, 2016.
             Was a Priest of Lugonu.
             Slain by Pikel
             ... wielding a +2 whip of electrocution
              (19 damage)
             ... on level 4 of the Dungeon.
             The game lasted 00:24:23 (3895 turns).

AofANLA the Skirmisher (Minotaur Abyssal Knight)    Turns: 3895, Time: 00:24:23

Health: 0/66       AC: 13    Str: 19      XL:     7   Next: 90%
Magic:  7/7        EV:  8    Int:  8 (9)  God:    Lugonu [***...]
Gold:   192        SH:  0    Dex:  8 (9)  Spells: 0 memorised, 6 levels left

rFire  . . .     SeeInvis .     h - +0 battleaxe
rCold  . . .     Gourm    .     d - +0 chain mail
rNeg   . . .     Faith    .     (shield currently unavailable)
rPois  .         Spirit   .     (helmet restricted)
rElec  .         Dismiss  .     (no cloak)
rCorr  .         Reflect  .     o - +0 pair of gloves
SustAt .         Harm     .     (no boots)
MR     .....                    (no amulet)
Stlth  ..........               (no ring)
                                (no ring)

@: not resistant to hostile enchantments, extremely unstealthy
A: retaliatory headbutt, horns 2, slimy green scales 1, deterioration 1, low mp
1
a: Depart the Abyss, Bend Space, Banish, Renounce Religion


You were on level 4 of the Dungeon.
You worshipped Lugonu.
Lugonu was most pleased with you.
You were not hungry.

You visited 1 branch of the dungeon, and saw 4 of its levels.
You visited the Abyss 1 time.

You collected 192 gold pieces.

Inventory:

Hand Weapons
 a - a +1 mace
 h - a +0 battleaxe (weapon)
 m - a +2 hand axe of draining
Armour
 b - a +0 leather armour
 d - a +0 chain mail (worn)
 o - a +0 pair of gloves (worn)
Jewellery
 n - an uncursed ring of flight
Wands
 q - a wand of frost (23/48)
 s - a wand of teleportation (1/9)
Scrolls
 e - 6 scrolls of identify
 f - 2 scrolls of blinking
 g - 3 scrolls of amnesia
Comestibles
 c - 4 bread rations
 i - a meat ration
 l - 4 beef jerkies


   Skills:
 + Level 7.0 Fighting
 + Level 3.7(4.6) Axes
 + Level 4.1(4.8) Maces & Flails
 + Level 6.8 Armour
 - Level 1.5 Dodging
 - Level 0.3 Stealth
 + Level 3.1 Invocations


You had 6 spell levels left.
You didn't know any spells.

Dungeon Overview and Level Annotations

Branches:
Dungeon (4/15)
 Temple: D:4-7

Altars:
Cheibriados
Fedhas
Trog

Annotations:
D:4 Pikel


Innate Abilities, Weirdness & Mutations

You reflexively headbutt those who attack you in melee.
You have a pair of horns on your head.
You are partially covered in slimy green scales (AC +2).
Your body sometimes deteriorates upon taking damage.
Your magical capacity is low (-10% MP).


Message History

The slave hits you but does no damage. Pikel hits you but does no damage.
The slave hits you.
You slice Pikel!! You headbutt Pikel.
Pikel is heavily wounded.
You slash the slave!
The slave is almost dead.
Pikel hits you but does no damage.
You are electrocuted!
The slave closely misses you. You furiously retaliate!
You headbutt the slave!
You kill the slave!
That felt strangely unrewarding.
Pikel hits you with a whip of electrocution.
* * * LOW HITPOINT WARNING * * *
You closely miss Pikel. You headbutt Pikel, but do no damage.
Pikel is heavily wounded.
Pikel hits you but does no damage.
Unknown command.
You closely miss Pikel.
Pikel is heavily wounded.
Pikel hits you but does no damage.
You are electrocuted!
You die...

#.....)..§...#
#..>.<..§§§#.#
#........§.#.#
##.#[......#.#
#.#########.#
#.#########[#
#...........#
## #........#
# ....#####@##
.# #
#K[###.####.
#.......pK..
#.........#
##.###.##.#
#.# # ..# ####


You could see Pikel.

Vanquished Creatures
  Sigmund (D:3)
  Eustachio (D:4)
  The ghost of Sodium1970 the Slasher, an amateur HuFi (D:3)
  An orc warrior (D:4)
  4 slaves (D:4)
  2 orc priests (D:3)
  2 orc wizards
  An iguana (D:4)
  Jessica (D:3)
  Ijyb (D:2)
  Terence (D:3)
  A worker ant (D:3)
  Robin (D:2)
  2 adders
  3 gnolls (D:3)
  An ooze (D:1)
  A worm (D:2)
  3 giant geckos
  18 orcs
  7 giant cockroaches
  17 goblins
  11 hobgoblins
  4 jackals (D:4)
  7 bats
  2 giant newts (D:2)
  5 kobolds
  6 rats
105 creatures vanquished.

Vanquished Creatures (others)
  A bat (D:1)
1 creature vanquished.

Grand Total: 106 creatures vanquished

Notes
Turn   | Place    | Note
--------------------------------------------------------------
     0 | Abyss:1  | AofANLA the Minotaur Abyssal Knight began the quest for the Orb.
     0 | Abyss:1  | Reached XP level 1. HP: 19/19 MP: 1/1
    53 | Abyss:1  | Noticed a large abomination
    55 | Abyss:1  | Noticed a blink frog
    63 | D:1      | Escaped the Abyss
   209 | D:1      | Reached skill level 4 in Fighting
   413 | D:1      | Reached XP level 2. HP: 25/27 MP: 2/2
  1028 | D:2      | Reached * piety under Lugonu
  1038 | D:2      | Reached XP level 3. HP: 30/34 MP: 3/3
  1222 | D:2      | Found a bloodstained altar of Trog.
  1330 | D:2      | Noticed Robin
  1353 | D:2      | Killed Robin
  1380 | D:2      | Noticed Ijyb
  1383 | D:2      | Reached XP level 4. HP: 34/41 MP: 4/4
  1392 | D:2      | Killed Ijyb
  1723 | D:2      | Found a blossoming altar of Fedhas.
  1723 | D:2      | Found a snail-covered altar of Cheibriados.
  1799 | D:3      | Reached skill level 5 in Fighting
  1873 | D:3      | Reached ** piety under Lugonu
  1883 | D:3      | Noticed Jessica
  1897 | D:3      | Killed Jessica
  1897 | D:3      | Reached XP level 5. HP: 29/48 MP: 4/6
  2010 | D:3      | Noticed Sodium1970's ghost (amateur HuFi)
  2022 | D:3      | Killed Sodium1970's ghost
  2022 | D:3      | Reached skill level 1 in Axes
  2022 | D:3      | Reached XP level 6. HP: 45/57 MP: 7/7
  2100 | D:3      | Noticed Sigmund
  2116 | D:4      | Noticed Eustachio
  2203 | D:4      | Killed Eustachio
  2203 | D:4      | Reached skill level 6 in Fighting
  2203 | D:4      | Reached skill level 5 in Armour
  2346 | D:4      | Noticed an orc warrior
  2388 | D:3      | Gained mutation: Your magical capacity is low (-10% MP). [potion of mutation]
  2388 | D:3      | Gained mutation: You are partially covered in slimy green scales (AC +2). [potion of mutation]
  2388 | D:3      | Gained mutation: Your body sometimes deteriorates upon taking damage. [potion of mutation]
  2714 | D:3      | Reached XP level 7. HP: 63/63 MP: 7/7
  2850 | D:3      | Noticed Terence
  2886 | D:3      | Killed Terence
  2990 | D:3      | Killed Sigmund
  3203 | D:3      | Reached *** piety under Lugonu
  3461 | D:4      | Reached skill level 7 in Fighting
  3860 | D:4      | Noticed Pikel
  3895 | D:4      | Slain by Pikel

Vault maps used:
D:1:      shiori_arrival_elements, st_stairs_4
D:2:      gammafunk_temple_overflow_pools, nicolae_overflow_crystal_walls,
          uniq_iyjb, uniq_robin
D:3:      first_bread, uniq_jessica, uniq_terence, uniq_sigmund
D:4:      nemelex_deck, gup_sewer_entry_bubbles, uniq_eustachio, uniq_pikel

Action                   |  1- 3 |  4- 6 |  7- 9 || total
-------------------------+-------+-------+-------++-------
Melee: Mace              |    52 |       |       ||    52
       Hand axe          |    28 |   126 |   118 ||   272
       Battleaxe         |       |       |    23 ||    23
Invok: Depart the Abyss  |     1 |       |       ||     1
       Bend Space        |       |     1 |       ||     1
  Use: Scroll            |     1 |       |     7 ||     8
       Potion            |       |     3 |     1 ||     4
  Eat: Chunk             |     2 |     4 |     4 ||    10
